 Dungeon Crawl Stone Soup version 0.28-a0-697-g47f3eba078 (webtiles) character file.

Game seed: 7198031247640939654

4696 avis the Grappler (level 10, -9/103 HPs)
             Began as a Hill Orc Transmuter on Oct 23, 2021.
             Was a Priest of Beogh.
             Mangled by a two-headed ogre (31 damage)
             ... on level 7 of the Dungeon.
             The game lasted 00:56:19 (12827 turns).

avis the Grappler (Hill Orc Transmuter)            Turns: 12827, Time: 00:56:20

Health: -9/103     AC:  6    Str: 14    XL:     10   Next: 45%
Magic:  13/14      EV:  9    Int: 16    God:    Beogh [***...]
Gold:   159        SH:  0    Dex: 11    Spells: 5/15 levels left

rFire   x . .      SeeInvis .     - Unarmed
rCold   + + +      Faith    .   (shield currently unavailable)
rNeg    . . .      Spirit   .   (armour currently unavailable)
rPois   +          Reflect  .   (helmet currently unavailable)
rElec   .          Harm     .   (cloak currently unavailable)
rCorr   .          Rampage  .   (gloves currently unavailable)
Will    +....                   (boots currently unavailable)
Stlth   +.........              (no amulet)
HPRegen 0.27/turn               u - ring of willpower
MPRegen 0.14/turn               (no ring)

@: ice-form (expiring)
A: freezing attack, amphibious, boosted hp, large
a: End Transformation, Renounce Religion, Smiting


You were on level 7 of the Dungeon.
You worshipped Beogh.
Beogh was most pleased with you.
You were a creature of crystalline ice.
You visited 2 branches of the dungeon, and saw 8 of its levels.

You collected 467 gold pieces.
You spent 308 gold pieces at shops.

Inventory:

Hand Weapons
 o - a +0 spear
 p - a +0 spear
Missiles
 b - 8 bolts
 h - 71 stones
 m - 29 poisoned darts
 z - 15 arrows
 A - 17 sling bullets
 D - 2 boomerangs
Armour
 a - a +0 buckler of protection (melded)
 i - a +0 helmet (melded)
 k - a +0 chain mail
 w - +0 steam dragon scales
 H - a +0 buckler
 V - +0 acid dragon scales (melded)
Jewellery
 n - a ring of positive energy
 u - a ring of willpower (left front paw)
Wands
 q - a wand of mindburst (13)
 r - a wand of iceblast (1)
Scrolls
 d - 3 scrolls of teleportation {unknown}
 f - 5 scrolls of identify {unknown}
 g - 2 scrolls of fear {unknown}
 j - a scroll of blinking {unknown}
 l - a scroll of torment {unknown}
 s - a scroll of magic mapping {unknown}
 y - a scroll of noise {unknown}
 E - a scroll of vulnerability {unknown}
 P - a scroll of silence {unknown}
 R - a scroll of immolation {unknown}
Potions
 c - 2 potions of mutation {unknown}
 e - 2 potions of curing
 t - a potion of degeneration {unknown}
 x - 2 potions of attraction {unknown}
 B - 2 potions of lignification
 C - a potion of flight
 Q - a potion of ambrosia {unknown}


   Skills:
 - Level 7.5 Fighting
 - Level 1.5 Dodging
 - Level 4.0 Shields
 - Level 10.3 Unarmed Combat
 - Level 3.0 Spellcasting
 * Level 5.1 Transmutations
 - Level 4.0 Ice Magic
 - Level 1.0 Poison Magic
 - Level 5.0 Invocations


You had 5 spell levels left.
You knew the following spells:

 Your Spells              Type           Power      Damage    Failure   Level
a - Beastly Appendage     Tmut           36%        N/A       2%          1
e - Wereblood             Tmut           18%        N/A       3%          2
p - Spider Form           Tmut/Pois      6%         N/A       16%         3
q - Ice Form              Ice/Tmut       17%        N/A       28%         4

Your spell library contained the following spells:

 Spells                   Type           Power      Damage    Failure   Level
 Freeze                   Ice            60%        1d8       3%          1
 Ensorcelled Hibernation  Hex/Ice        16%        N/A       12%         2
 Foxfire                  Conj/Fire      8%         2x1d4     19%         1
 Tukima's Dance           Hex            2%         N/A       50%         3
 Summon Ice Beast         Ice/Summ       8%         N/A       63%         4
 Olgreb's Toxic Radiance  Pois           5%         N/A       77%         4
 Cause Fear               Hex            1%         N/A       88%         4
 Summon Forest            Summ/Tloc      1%         N/A       99%         5
 Eringya's Noxious Bog    Tmut/Pois      6%         N/A       100%        6
 Dragon Form              Tmut           9%         N/A       100%        7
 Ozocubu's Refrigeration  Ice            7%         4d6       100%        7
 Summon Hydra             Summ           1%         N/A       100%        7
 Ignition                 Fire           1%         3d3       100%        8
 Dragon's Call            Summ           1%         N/A       100%        9


Dungeon Overview and Level Annotations

Branches:
Dungeon (7/15)             Temple (1/1) D:6

Altars:
Gozag
Hepliaklqana
Ru
Vehumet
Yredelemnul
Zin

Shops:
D:4 !(:   D:6 [[:

Annotations:
D:3 1 runed translucent door


Message History

The boulder beetle bites you!!
You hit the boulder beetle but do no damage.
The boulder beetle is moderately wounded.
The boulder beetle completely misses you.
You punch the boulder beetle! You freeze the boulder beetle.
The boulder beetle is moderately wounded.
The boulder beetle leaps!
Unknown command.
The red ugly thing basks in the mutagenic energy from its kin and changes!
There is an open door here.
You close the door.
A green ugly thing opens the door.
Things that are here:
a +0 club; a +0 chain mail; an orc skeleton
There is an open door, spattered with blood here.
Your transformation is almost over.
You hit the green ugly thing. You freeze the green ugly thing.
The green ugly thing is lightly wounded.
The green ugly thing stings you!
You pummel the green ugly thing!! You freeze the green ugly thing.
The green ugly thing is heavily wounded.
The green ugly thing stings you!
You pummel the green ugly thing!! You freeze the green ugly thing!
You kill the green ugly thing!
Beogh accepts your kill.
Training target 3.0 for Spellcasting reached!
Your Spellcasting skill increases to level 3!
You need to enable at least one skill for training.
You punch the two-headed ogre! You freeze the two-headed ogre.
The two-headed ogre is moderately wounded.
The two-headed ogre hits you with a +0 giant club! x2
You hit the two-headed ogre. You freeze the two-headed ogre.
The two-headed ogre is heavily wounded.
You punch the two-headed ogre! You freeze the two-headed ogre.
The two-headed ogre is severely wounded.
The two-headed ogre hits you with a +0 giant club!!
* * * LOW HITPOINT WARNING * * *
The two-headed ogre closely misses you.
You feel much better.
The two-headed ogre hits you with a +0 giant club!!
You die...

..>...##....#..# .u.
...##.##..#.# .# #O#
...##.#####.# ## #.#
...##.# #'# #####'#####
......#####.#####.........#
.#.##)##..#....##.####..#.#
##.##.##....#..##..÷......#
##.##.##.####.#####..######
##....'...#.#..÷YOu.......+
#####.###)#.##.#######..###
...... #.†#....# ....#
####.. #....#..# ##.# #
####.#### # ..
.#####'######## ##.
................ #
#.##..########### # ##


You could see a green ugly thing and a two-headed ogre.

Vanquished Creatures
  Pikel (D:5)
  An ugly thing (D:7)
  Maggie (D:6)
  Prince Ribbit (D:5)
  Eustachio (D:6)
  2 steam dragons
  A vampire mosquito (D:7)
  Menkaure (D:6)
  Edmund (D:5)
  2 ice beasts (D:6)
  A black bear (D:5)
  3 sky beasts
  4 ogres
  3 lemures (D:5)
  2 centaurs
  A phantom (D:5)
  Blork the orc (D:5)
  2 bullfrogs
  A wyvern zombie (D:7)
  A jelly (D:4)
  2 water moccasin skeletons
  A bullfrog zombie (D:5)
  5 hounds
  3 orc priests
  Jessica (D:3)
  3 centaur skeletons
  Ijyb (D:3)
  6 iguanas
  Natasha (thrice) (D:2)
  9 orc wizards
  A human skeleton (D:3)
  2 killer bee zombies (D:7)
  A howler monkey zombie (D:7)
  3 gnolls (D:2)
  A howler monkey skeleton (D:7)
  11 adders
  A white imp (D:7)
  3 dart slugs
  19 orcs
  12 ball pythons
  9 bats
  8 endoplasms
  5 giant cockroaches
  8 goblins
  9 hobgoblins
  7 jackals
  5 quokkas
  3 frilled lizards
  A goblin skeleton (D:3)
  12 kobolds
  3 rats
189 creatures vanquished.

Vanquished Creatures (others)
  An orc priest (D:3)
  An orc (D:3)
  A bat (D:3)
  A rat (D:3)
4 creatures vanquished.

Grand Total: 193 creatures vanquished

Notes
Turn   | Place    | Note
-------+----------+-------------------------------------------
     0 | D:1      | avis the Hill Orc Transmuter began the quest for the Orb.
     0 | D:1      | Reached XP level 1. HP: 16/16 MP: 3/3
    86 | D:1      | Got Sif Muna's Papyrus of the Igneous Snowflakes
   131 | D:1      | Reached XP level 2. HP: 14/24 MP: 2/4
   634 | D:1      | Reached skill level 4 in Unarmed Combat
   919 | D:1      | Reached XP level 3. HP: 29/29 MP: 3/5
  1178 | D:1      | Learned a level 3 spell: Spider Form
  1654 | D:2      | Reached XP level 4. HP: 33/37 MP: 4/6
  1893 | D:2      | Found a faded altar of an unknown god.
  1905 | D:2      | Reached skill level 5 in Unarmed Combat
  2092 | D:2      | Noticed Natasha
  2098 | D:2      | Killed Natasha
  2297 | D:2      | Noticed Natasha
  2305 | D:2      | Killed Natasha
  2306 | D:2      | Reached XP level 5. HP: 19/45 MP: 5/7
  3239 | D:2      | Noticed Natasha
  3250 | D:2      | Killed Natasha
  3705 | D:3      | Became a worshipper of Beogh the Brigand
  3795 | D:3      | Noticed Ijyb
  3807 | D:3      | Killed Ijyb
  3808 | D:3      | Reached XP level 6. HP: 20/52 MP: 8/8
  4015 | D:3      | Reached skill level 6 in Unarmed Combat
  4305 | D:3      | Learned a level 4 spell: Ice Form
  4445 | D:3      | Reached skill level 1 in Invocations
  4557 | D:3      | Found a runed translucent door.
  4557 | D:3      | Noticed a human
  4565 | D:3      | Found a basalt altar of Yredelemnul.
  4632 | D:3      | Noticed Jessica
  4636 | D:3      | Killed Jessica
  4809 | D:3      | Found a glowing silver altar of Zin.
  4990 | D:3      | Reached * piety under Beogh
  5432 | D:3      | Reached XP level 7. HP: 23/60 MP: 9/9
  5823 | D:3      | Reached skill level 7 in Unarmed Combat
  5916 | D:4      | Found a hazy altar of Hepliaklqana.
  5939 | D:4      | Found Zyupsaaff's Book Shop.
  5994 | D:4      | Found a sacrificial altar of Ru.
  6180 | D:4      | Found Ziargh's Weapon Shop.
  6301 | D:4      | Found Zuufaow's Distillery.
  6304 | D:4      | Bought a potion of curing for 39 gold pieces
  6304 | D:4      | Bought a potion of heal wounds for 65 gold pieces
  6304 | D:4      | Bought a potion of lignification for 39 gold pieces
  6304 | D:4      | Bought a potion of flight for 39 gold pieces
  6402 | D:4      | Reached skill level 1 in Poison Magic
  6405 | D:4      | Found an opulent altar of Gozag.
  7062 | D:5      | Entered Level 5 of the Dungeon
  7062 | D:5      | Noticed Blork the orc
  7062 | D:5      | Noticed Edmund
  7129 | D:5      | Reached skill level 5 in Fighting
  7129 | D:5      | Reached XP level 8. HP: 46/68 MP: 6/10
  7546 | D:5      | Killed Blork the orc
  7689 | D:5      | Killed Edmund
  7690 | D:5      | Reached skill level 8 in Unarmed Combat
  7981 | D:5      | Reached ** piety under Beogh
  7990 | D:5      | Found a radiant altar of Vehumet.
  8329 | D:5      | Reached skill level 5 in Invocations
  8486 | D:5      | Noticed Prince Ribbit
  8499 | D:5      | Killed Prince Ribbit
  8500 | D:5      | Reached skill level 9 in Unarmed Combat
  8500 | D:5      | Reached XP level 9. HP: 41/78 MP: 3/12
  9219 | D:6      | Noticed Pikel
  9219 | D:6      | Noticed Maggie
  9342 | D:5      | Killed Pikel
  9525 | D:6      | Killed Maggie
  9820 | D:6      | Noticed Eustachio
 10059 | D:6      | Killed Eustachio
 10067 | D:6      | Found Puvalaus's Armour Emporium.
 10141 | D:6      | HP: 4/93 [bullfrog (2)]
 10504 | D:6      | Found Iziathin's Armour Boutique.
 10517 | D:6      | Reached skill level 5 in Transmutations
 10781 | D:6      | Found a staircase to the Ecumenical Temple.
 10798 | Temple   | Entered the Ecumenical Temple
 10894 | D:6      | Bought a +0 buckler of protection for 126 gold pieces
 10980 | D:6      | Noticed Menkaure
 10990 | D:6      | Reached skill level 1 in Shields
 11010 | D:6      | Killed Menkaure
 11011 | D:6      | Reached XP level 10. HP: 86/86 MP: 13/13
 11199 | D:6      | Found Ytwoing's Book Boutique.
 12260 | D:7      | Reached skill level 10 in Unarmed Combat
 12409 | D:7      | Reached *** piety under Beogh
 12440 | D:7      | Learned a level 2 spell: Wereblood
 12801 | D:7      | Noticed a boulder beetle
 12802 | D:7      | Noticed a red ugly thing
 12803 | D:7      | Noticed a two-headed ogre
 12803 | D:7      | Noticed a green ugly thing
 12823 | D:7      | Killed a green ugly thing
 12826 | D:7      | HP: 1/103 [two-headed ogre (30)]
 12827 | D:7      | Mangled by a two-headed ogre

Illustrated notes

Levels and vault maps discovered:
D:1:      minmay_arrival_widening_spiral_wide, layout_loops_corners
D:2:      layout_basic, ebering_ecumenical_altar_sacrificial, st_stairs_14,
          grunt_ministairs_6, uniq_natasha, uniq_sigmund
D:3:      layout_loops_corners, zin_scriptorium, dk_yredelemnul_ordeal,
          kennysheep_generic_room_16, uniq_ijyb, uniq_jessica
D:4:      layout_basic, mainiacjoe_overflow_surrounded_room,
          nzn_hepliaklqana_mist_gate, general_overflow_altar, serial_shops,
          nicolae_shop_trees, kennysheep_mini, kennysheep_mini_moat,
          chequers_serial_rivers_micro_d, grunt_ministairs_10
D:5:      layout_rooms, lemuel_doored_altar, uniq_blork_the_orc, uniq_edmund,
          uniq_prince_ribbit1
D:6:      layout_loops_corners, minmay_temple_entry_proselytizer, serial_shops,
          nicolae_square_shop, nicolae_lakefront_shop, nicolae_diamond_shop,
          minivault_27, nicolae_water_bricks, hangedman_decor_peaks_small,
          nrook_loot_triangle, hangedman_decor_lopped, uniq_menkaure,
          uniq_pikel, uniq_eustachio, uniq_maggie
D:7:      layout_loops_ring, minmay_the_grid_2x2 [minmay_the_grid_broken_lines,
          minmay_the_grid_embedded, minmay_the_grid_rooms,
          minmay_the_grid_prize_big_room]
Temple:   pf_slime_end_temple

Skill      XL: |  1  2  3  4  5  6  7  8  9 10 |
---------------+-------------------------------+-----
Fighting       | 2 3 4 5 6 7 |  7.5
Unarmed Combat | 4 5 6 7 9 10 | 10.3
Transmutations | 2 3 5 |  5.1
Invocations    | 2 3 5 |  5.0
Poison Magic   | 1 |  1.0
Ice Magic      | 4 |  4.0
Spellcasting   | 2 3 |  3.0
Shields        | 2 4 |  4.0
Dodging        | |  1.5

Action                   |  1- 3 |  4- 6 |  7- 9 | 10-12 || total
-------------------------+-------+-------+-------+-------++-------
Melee: Unarmed           |    79 |   194 |   290 |    92 ||   655
       Kick              |    20 |    32 |    24 |     2 ||    78
       Headbutt          |     8 |    21 |    21 |     2 ||    52
       Punch             |     1 |     7 |     3 |     1 ||    12
 Cast: Beastly Appendage |    26 |    45 |    31 |     3 ||   105
       Spider Form       |       |       |    16 |     3 ||    19
       Ice Form          |       |       |     5 |     7 ||    12
Invok: Convert to Beogh  |       |     1 |       |       ||     1
  Use: Potion            |       |       |     1 |     1 ||     2
 Stab: Distracted        |       |     1 |       |       ||     1
Armor: Leather armour    |    17 |    57 |    29 |       ||   103
       Skin              |       |       |    22 |    17 ||    39
       Robe              |       |       |     1 |       ||     1
       Acid dragon scale |       |       |       |     6 ||     6
Dodge: Dodged            |    50 |   115 |   161 |    41 ||   367
Block: Buckler           |       |       |       |     1 ||     1

Table legend: (Time is in decaauts)
 A = Elapsed time spent in this place.
 B = Non-inter-level travel time spent in this place.
 C = Inter-level travel time spent in this place.
 D = Time resting spent in this place.
 E = Time spent auto-exploring this place.
 F = Levels seen in this place.
 G = Mean time per level.
                   A        B        C        D        E       F      G
               +--------+--------+--------+--------+--------+-----+--------+
         Total |  12774 |  12099 |    675 |   5640 |   4048 |   8 | 1596.8 |
       Dungeon |  12742 |  12067 |    675 |   5640 |   4048 |   7 | 1820.3 |
        Temple |     31 |     31 |      0 |      0 |      0 |   1 |   31.0 |
               +--------+--------+--------+--------+--------+-----+--------+

Top non-repeatable levels by time:
     D:5: 2538 daAuts
     D:4: 2191 daAuts
     D:3: 2000 daAuts
     D:2: 1832 daAuts
     D:1: 1706 daAuts
     D:6: 1498 daAuts
     D:7: 974 daAuts
  Temple: 31 daAuts
